 Dungeon Crawl Stone Soup version 0.22.1-119-g05a4706 (webtiles) character file.

385 Telema the Slasher (level 6, -2/35 HPs)
             Began as a Silent Spectre Gladiator on Apr 22, 2019.
             Slain by Ronagh's ghost (8 damage)
             ... on level 3 of the Dungeon.
             The game lasted 00:07:39 (1471 turns).

Telema the Slasher (Silent Spectre Gladiator)       Turns: 1471, Time: 00:07:40

Health: -2/35      AC:  9    Str: 15    XL:     6   Next: 48%
Magic:  9/9        EV: 14    Int: 11    God:
Gold:   161        SH:  0    Dex: 20    Spells: 5/5 levels left

rFire    . . .     Vision   .   a - +0 long sword
rCold    . . .     Gourm    .   (no shield)
rNeg     + + +     Faith    .   l - +0 scale mail
rPois    ∞         Spirit   .   c - +0 helmet
rElec    .         Reflect  .   (no cloak)
rCorr    .         Harm     .   f - +0 pair of gloves
MR       .....                  e - +0 pair of boots
Stlth    +.........             (no amulet)
HPRegen  0.11/turn              (no ring)
MPRegen  0.11/turn              (no ring)

@: mighty, silenced
A: silence aura, negative energy resistance 3, torment resistance, unbreathing,
petrification resistance, silent casting, insubstantial
a: no special abilities


You were on level 3 of the Dungeon.
You were not hungry.

You visited 1 branch of the dungeon, and saw 3 of its levels.

You collected 161 gold pieces.

Inventory:

Hand Weapons
 a - a +0 long sword (weapon)
Missiles
 d - a throwing net (quivered)
Armour
 b - a +0 leather armour
 c - a +0 helmet (worn)
 e - a +0 pair of boots (worn)
 f - a +0 pair of gloves (worn)
 l - a +0 scale mail (worn)
Jewellery
 h - a cursed ring of teleportation
 m - an uncursed ring of magical power
Potions
 g - 2 potions of haste
 i - a potion of might
 j - 2 potions of ambrosia
 n - a potion of brilliance


   Skills:
 + Level 2.1 Fighting
 * Level 5.7 Long Blades
 - Level 1.7 Throwing
 + Level 1.0 Armour
 + Level 4.3 Dodging
 * Level 2.7 Stealth


You had 5 spell levels left.
You didn't know any spells.
Your spell library was empty.

Dungeon Overview and Level Annotations

Branches:
Dungeon (3/15)

Altars:
Sif Muna

Annotations:
D:3 Ronagh's ghost, amateur HuMo


Innate Abilities, Weirdness & Mutations

You are surrounded by an aura of unnatural quiet.
You are immune to poison.
You are immune to negative energy. (rN+++)
You are immune to unholy pain and torment.
You can survive without breathing.
You are immune to petrification.
You can communicate with gods and cast spells while silenced.
Your insubstantial form boosts your evasion and grants immunity to sticky flames, curses and constriction.


Message History

Your Long Blades skill increases to level 5!
Your Armour skill increases to level 1!
You have reached level 6!
Your experience leads to an increase in your attributes!
Your base attributes are Str 10, Int 11, Dex 19.
Increase (S)trength, (I)ntelligence, or (D)exterity?
You feel agile.
You feel better. Ronagh's ghost barely misses you.
You slash Ronagh's ghost!
Ronagh's ghost is moderately damaged.
Ronagh's ghost hits you.
* * * LOW HITPOINT WARNING * * *
You closely miss Ronagh's ghost.
Ronagh's ghost is moderately damaged.
Ronagh's ghost hits you.
* * * LOW HITPOINT WARNING * * *
You barely miss Ronagh's ghost.
Ronagh's ghost is moderately damaged.
Ronagh's ghost hits you!
You die...

######).#.##.##
..# ##.#.#.#####
#.# #....# ..
#.# #.#.## .#
#.#.# ##.######
#.#.###.......#
#....†...# ...
###.###.###.#.##
#.# #.@W.....#
#.# ####'''###
##########.#
#P.......P#
#..........#
#⌠.......⌠#
#.##########
#P.......P#
##.#######
#........%#
.........#
##8.....8##
...#####.#
##.P⌠P$## .)..#


You could see Ronagh's ghost.

Vanquished Creatures
  The ghost of Qaivif the Insei, an amateur MfTm (D:3)
  An ogre (D:2)
  3 adders
  An ooze (D:1)
  3 dart slugs
  4 leopard geckos
  7 bats
  2 giant cockroaches
  14 goblins
  9 hobgoblins
  3 jackals (D:2)
  5 ball pythons
  3 frilled lizards
  6 kobolds
  7 rats
69 creatures vanquished.

Notes
Turn   | Place    | Note
-------+----------+-------------------------------------------
     0 | D:1      | Telema the Silent Spectre Gladiator began the quest for the
                  | Orb.
     0 | D:1      | Reached XP level 1. HP: 12/12 MP: 4/4
   176 | D:1      | Reached skill level 3 in Long Blades
   202 | D:1      | Reached XP level 2. HP: 14/16 MP: 5/5
   387 | D:1      | Reached skill level 1 in Stealth
   515 | D:1      | Reached XP level 3. HP: 19/20 MP: 6/6
   859 | D:2      | Found a deep blue altar of Sif Muna.
   890 | D:2      | Reached skill level 4 in Long Blades
   891 | D:2      | Reached XP level 4. HP: 24/26 MP: 7/7
  1131 | D:2      | Noticed an ogre
  1142 | D:2      | Killed an ogre
  1142 | D:2      | Reached XP level 5. HP: 24/30 MP: 8/8
  1440 | D:3      | Found a runed gate.
  1441 | D:3      | Noticed Ronagh's ghost (amateur HuMo)
  1441 | D:3      | Noticed Qaivif's ghost (amateur MfTm)
  1442 | D:3      | Found a runed gate.
  1442 | D:3      | Found a runed gate.
  1467 | D:3      | Killed Qaivif's ghost
  1467 | D:3      | Reached skill level 5 in Long Blades
  1467 | D:3      | Reached skill level 1 in Armour
  1467 | D:3      | Reached XP level 6. HP: 5/35 MP: 9/9
  1471 | D:3      | Slain by Ronagh's ghost

Skill      XL: |  1  2  3  4  5 |
---------------+----------------+-----
Long Blades    | 3 4 5 |  5.7
Stealth        | 1 2 |  2.7
Dodging        | 4 |  4.3
Fighting       | 2 |  2.1
Armour         | 1 |  1.0
Throwing       | |  1.7

Action                   |  1- 3 |  4- 6 || total
-------------------------+-------+-------++-------
Melee: Long sword        |    87 |    69 ||   156
Throw: Throwing net      |       |     2 ||     2
  Use: Potion            |       |     3 ||     3
 Stab: Sleeping          |     4 |     3 ||     7
       Held in net/web   |       |     2 ||     2
Armor: Leather armour    |    26 |    12 ||    38
       Scale mail        |       |    12 ||    12
Dodge: Dodged            |    83 |    74 ||   157
       Rpst.: Long sword |    33 |    22 ||    55
